 Dungeon Crawl Stone Soup version 0.24.0-41-g2ae2f7f1be (webtiles) character file.

Game seed: 1537061698434112787, levelgen mode: deterministic

265170 ReteAZ the Severer (level 20, -5/127 HPs)
             Began as a Gargoyle Fighter on Dec 14, 2019.
             Was the Champion of Okawaru.
             Slain by a 12-headed hydra (16 damage)
             ... called by a spriggan druid
             ... on level 3 of the Swamp on Dec 15, 2019.
             The game lasted 01:57:37 (34439 turns).

ReteAZ the Severer (Gargoyle Fighter)              Turns: 34439, Time: 01:57:38

Health: -5/127     AC: 53    Str: 33    XL:     20   Next: 47%
Magic:  24/24      EV:  2    Int: 10    God:    Okawaru [******]
Gold:   1033       SH: 38    Dex: 12    Spells: 19/19 levels left

rFire    . . .     SeeInvis +   T - +2 broad axe (chop)
rCold    + . .     Gourm    .   R - +18 shield of the Gong {rElec rN+ MR+ EV-5}
rNeg     + + .     Faith    .   K - +0 crystal plate armour
rPois    ∞         Spirit   .   Y - +1 helmet {SInv}
rElec    +         Reflect  +   S - +2 cloak {rC+}
rCorr    .         Harm     .   i - +1 pair of gloves {Dex+3}
MR       +++..                  e - +1 pair of boots
Stlth    ..........             c - +5 amulet of reflection
HPRegen  0.31/turn              q - +5 ring of strength
MPRegen  0.19/turn              t - ring of protection from magic

@: about to teleport, flying
A: big wings, negative energy resistance 1, electricity resistance, unbreathing,
petrification resistance, rot immunity, AC +15
}: 1/15 runes: gossamer
a: Stop Flying, Heroism, Finesse, Renounce Religion


You were on level 3 of the Swamp.
You worshipped Okawaru.
Okawaru was exalted by your worship.
You were hungry.

You visited 7 branches of the dungeon, and saw 33 of its levels.
You also visited: Ice Cave.

You collected 3540 gold pieces.
You spent 2507 gold pieces at shops.

Inventory:

Hand Weapons
 r - a +1 battleaxe of flaming
 u - a +1 broad axe of chopping
 A - the +7 fustibalus "Ehenac" {flame, rElec rF- rC+ Str+7, unknown}
   (Okawaru gifted it to you in an ice cave)

   It causes projectiles fired from it to burn those they strike, causing extra
   injury to most foes and up to half again as much damage against particularly
   susceptible opponents.
   It affects your strength (+7).
   It makes you vulnerable to fire.
   It protects you from cold.
   It insulates you from electricity.
 T - a +2 broad axe of chopping (weapon)
 Z - a +2 battleaxe of freezing
Missiles
 b - 4 silver javelins (quivered)
 g - 7 throwing nets
Armour
 e - a +1 pair of boots (worn)
 h - the +3 ring mail of Tosmuami {rC++ rCorr Int+3}
   (You found it on level 12 of the Dungeon)

   It affects your intelligence (+3).
   It greatly protects you from cold.
   It provides partial protection from all sources of acid and corrosion.
 i - a +1 pair of gloves of dexterity (worn)
 K - a +0 crystal plate armour (worn)
 R - the +18 shield of the Gong (worn) {rElec rN+ MR+ EV-5}
   (You found it on level 2 of the Spider Nest)

   It affects your evasion (-5).
   It insulates you from electricity.
   It protects you from negative energy.
   It affects your resistance to hostile enchantments.
 S - a +2 cloak of cold resistance (worn)
 V - the +5 scale mail of Untruth {rElec rF+ MR+ Regen+}
   (Okawaru gifted it to you on level 6 of the Lair of Beasts)

   It protects you from fire.
   It insulates you from electricity.
   It affects your resistance to hostile enchantments.
   It increases your rate of regeneration.
 Y - a +1 helmet of see invisible (worn)
Jewellery
 a - an uncursed ring of positive energy
 c - a +5 amulet of reflection (around neck)
 q - a +5 ring of strength (left hand)
 s - an uncursed ring of fire
 t - a ring of protection from magic (right hand)
 L - an uncursed ring of resist corrosion
 M - an uncursed ring of protection from cold
Wands
 l - a wand of iceblast (8)
 p - a wand of clouds (1)
 v - a wand of flame (35)
 G - a wand of disintegration (9)
 N - a wand of digging (12)
 Q - a wand of acid (5)
Scrolls
 d - 3 scrolls of holy word
 k - 7 scrolls of blinking
 o - 8 scrolls of identify
 y - 6 scrolls of enchant armour
 E - 9 scrolls of teleportation
 H - 8 scrolls of remove curse
 I - 3 scrolls of enchant weapon
 J - 3 scrolls of fear
 P - 3 scrolls of amnesia
 W - 4 scrolls of magic mapping
 X - a scroll of fog
Potions
 j - 15 potions of curing
 m - 3 potions of magic
 n - 6 potions of brilliance
 w - a potion of berserk rage
 x - 6 potions of ambrosia
 z - 4 potions of haste
 C - 2 potions of heal wounds
 D - a potion of invisibility
 F - 2 potions of might
 O - a potion of agility
 U - a potion of resistance
Comestibles
 f - 46 rations


   Skills:
 - Level 14.2 Fighting
 - Level 20.0 Axes
 * Level 19.2 Armour
 - Level 15.0 Shields
 - Level 6.3 Invocations


You had 19 spell levels left.
You didn't know any spells.
Your spell library contained the following spells:

 Spells                   Type           Power        Failure   Level  Hunger
 Animate Skeleton         Necr           N/A          97%         1    ##.....
 Apportation              Tloc           #.....       97%         1    ##.....
 Confusing Touch          Hex            #.....       97%         1    ##.....
 Corona                   Hex            #......      97%         1    ##.....
 Infusion                 Chrm           #...         97%         1    ##.....
 Summon Butterflies       Summ           #.......     97%         1    ##.....
 Summon Small Mammal      Summ           #...         97%         1    ##.....
 Ensorcelled Hibernation  Hex/Ice        #.....       99%         2    ###....
 Poisonous Vapours        Pois/Air       #.....       99%         2    ###....
 Shroud of Golubria       Chrm/Tloc      #.....       99%         2    ###....
 Song of Slaying          Chrm           #.......     99%         2    ###....
 Confuse                  Hex            #.......     100%        3    ####...
 Conjure Flame            Conj/Fire      #.......     100%        3    ####...
 Dazzling Spray           Conj/Hex       #.....       100%        3    ####...
 Lesser Beckoning         Tloc           #.........   100%        3    ####...
 Mephitic Cloud           Conj/Pois/Air  #.......     100%        3    ####...
 Regeneration             Chrm/Necr      #.........   100%        3    ####...
 Spectral Weapon          Hex/Chrm       #.......     100%        3    ####...
 Tukima's Dance           Hex            #.......     100%        3    ####...
 Alistair's Intoxication  Tmut/Pois      #.......     100%        5    ######.
 Irradiate                Conj/Tmut      #.........   100%        5    ######.
 Freezing Cloud           Conj/Ice/Air   #.........   100%        6    #######
 Hydra Form               Tmut           #.........   100%        6    #######
 Invisibility             Hex            #.......     100%        6    #######
 Dragon Form              Tmut           #.........   100%        7    #######
 Ring of Flames           Chrm/Fire      #.........   100%        7    #######
 Statue Form              Tmut/Erth      Unusable     N/A         6    N/A

Dungeon Overview and Level Annotations

Branches:
Dungeon (15/15)            Temple (1/1) D:5            Lair (6/6) D:10
  Swamp (4/4) Lair:3       Spider (4/4) Lair:3        Slime (0/5) Lair:5
    Orc (2/2) D:11            Elf (1/3) Orc:2        Vaults (0/5) D:14
 Depths (0/5) D:15          IceCv (visited)

Altars:
Ashenzari
Cheibriados
Dithmenos
Elyvilon
Fedhas
Gozag
Hepliaklqana
Kikubaaqudgha
Makhleb
Nemelex Xobeh
Okawaru
Qazlal
Ru
Sif Muna
Trog
Uskayaw
Vehumet
Wu Jian
Xom
Yredelemnul
Zin
The Shining One
Beogh
Jiyva

Shops:
D:11 [   Orc:2 !%%*

Annotations:
D:9 Gastronok
Lair:2 exclusion: 4 oklob plants
Lair:3 1 runed translucent door, Fuavont's ghost, journeyman GrEE
Lair:4 3 runed translucent doors, Peloso's ghost, journeyman MiFi
Lair:5 2 runed translucent doors, Panli's ghost, journeyman CeAM
Swamp:1 2 transporters
Spider:1 Roxanne


Innate Abilities, Weirdness & Mutations

You are resistant to torment.
Your stone body is resilient. (AC +15)
You are immune to poison.
Your large and strong wings let you fly indefinitely.
You resist negative energy. (rN+)
You are resistant to electric shocks. (rElec)
You can survive without breathing.
You are immune to petrification.
You are immune to rotting.


Message History

You feel strangely unstable. You block the 12-headed hydra's attack.
BOUMMMMG!
You block the 12-headed hydra's attack.
GONNNNG!
The 12-headed hydra bites you but does no damage.
You block the 12-headed hydra's attack.
SHROANNG!
The 12-headed hydra bites you but does no damage.
You block the 12-headed hydra's attack.
BONNNG!
The 12-headed hydra bites you but does no damage.
You block the 12-headed hydra's attack.
GONNNNG!
The 12-headed hydra bites you but does no damage.
The 12-headed hydra bites you!
* * * LOW HITPOINT WARNING * * *
You block the 12-headed hydra's attack.
GONNNNG!
The 12-headed hydra bites you!
You die...

.♣♣ ♣.≈≈≈.≈≈≈≈≈≈≈.≈....≈≈≈.♣ ♣♣
♣≈≈≈≈.≈≈.≈≈≈≈...≈≈≈♣≈≈.♣ ♣
♣♣≈≈≈≈.≈≈.≈♣≈..≈≈≈≈≈≈≈≈.♣ ♣
♣♣..≈≈≈....≈≈..≈.≈...♣..≈♣ ♣
♣...≈≈≈≈≈≈..≈≈≈≈§§.♣♣♣♣♣≈♣
♣♣≈≈≈≈≈.≈≈..≈§..§§♣≈≈♣♣♣♣.♣
♣♣.≈≈≈..≈≈.≈≈≈≈.≈§§♣♣[♣♣≈≈.♣
.≈≈≈≈≈.≈≈≈.≈♣≈≈.§D§♣♣≈§...≈♣
..≈≈≈≈.♣≈≈....≈≈@♣♣♣♣♣.≈≈♣≈♣
♣.≈♣≈≈.≈≈≈≈≈≈.≈≈)♣≈≈(..≈≈≈.♣
..≈≈≈≈≈≈≈.!≈≈.≈..♣.≈≈≈..≈≈.♣♣
≈.≈≈≈≈≈≈≈≈.≈≈♣≈≈≈.≈≈♣≈≈>....♣
♣.≈≈≈≈≈≈≈..≈≈.≈..≈≈≈♣≈≈≈....♣♣
♣.≈≈..≈♣≈.≈≈≈..♣♣≈≈..≈.≈..|.<♣
≈.≈.§≈≈≈≈......≈≈≈≈..≈♣♣≈≈...♣♣♣♣
..♣≈≈≈≈..≈≈≈.♣.≈....♣♣♣♣≈≈≈....♣♣
≈≈≈≈≈.♣♣.≈...≈.≈...≈♣♣♣♣≈[....≈≈.


You could see a 12-headed hydra.

Vanquished Creatures
  Mara (Swamp:3)
  Arachne (Spider:4)
  Jorgrun (D:13)
  An Ice Fiend (IceCv)
  2 thorn hunters
  2 ghost moths (Spider:4)
  Aizul (Swamp:1)
  A frost giant (D:15)
  7 emperor scorpions
  Louise (Spider:3)
  3 entropy weavers
  3 spark wasps
  Azrael (Spider:1)
  Fannar (Lair:2)
  A fire dragon (Lair:3)
  Josephine (Lair:5)
  Harold (Lair:2)
  A vault guard (D:14)
  10 hydras
  An ice dragon (Swamp:3)
  5 catoblepae
  3 ghost crabs
  2 centaur warriors
  Erica (Lair:2)
  2 two-headed ogres
  12 alligators
  A tengu warrior (D:13)
  5 orc high priests (Orc:2)
  20 death yaks
  3 unseen horrors
  2 spriggan druids
  A wizard (D:15)
  2 swamp dragons
  27 orb spiders
  6 orc knights
  An orc sorcerer (Orc:1)
  29 wolf spiders
  23 ugly things
  3 cyclopes
  13 slime creatures
  10 deep elf magi
  A moth of wrath (Spider:4)
  7 manticores
  A centaur zombie (D:12)
  Maurice (Orc:2)
  4 black mambas
  27 elephants
  2 torpor snails
  An ice statue (IceCv)
  2 rime drakes
  A gargoyle (D:14)
  10 spiny frogs
  A yaktaur (D:15)
  2 kobold demonologists (D:12)
  A freezing wraith (IceCv)
  15 demonic crawlers
  4 ice devils (IceCv)
  A golden dragon simulacrum (IceCv)
  6 anaconda simulacra (IceCv)
  6 komodo dragons
  A tengu conjurer (D:13)
  2 hornets (Swamp:2)
  39 jumping spiders
  2 wolf spider simulacra (IceCv)
  8 trolls
  12 tyrant leeches
  9 bog bodies
  12 hippogriffs
  8 blink frogs
  32 tarantellas
  59 redbacks
  2 basilisks (Lair:6)
  6 wraiths
  53 yaks
  6 shadows
  3 spriggans
  4 wyverns
  A dire elephant simulacrum (IceCv)
  6 fire elementals
  A hungry ghost (D:14)
  A vampire (D:13)
  2 steam dragons (D:12)
  23 vampire mosquitoes
  2 harpy simulacra (IceCv)
  2 wargs (Orc:1)
  15 insubstantial wisps
  13 swamp worms
  A soldier ant (D:15)
  3 hell hounds (Spider:1)
  2 iron troll simulacra (IceCv)
  7 porcupines
  Duvessa (D:6)
  7 water moccasins
  A hydra simulacrum (IceCv)
  8 swamp drakes
  2 ettin simulacra (IceCv)
  5 ice beasts
  3 sky beasts
  An alligator simulacrum (IceCv)
  36 orc warriors
  3 phantoms
  4 black bears
  7 necrophages
  5 ogres
  8 wolves
  13 centaurs
  4 big kobolds
  5 crocodiles
  19 bullfrogs
  A water moccasin zombie (D:6)
  Dowan (D:6)
  5 scorpions
  A killer bee (D:7)
  13 wights
  An elephant simulacrum (IceCv)
  6 electric eels
  6 howler monkeys
  6 crimson imps
  5 draconian simulacra (IceCv)
  8 hounds
  5 jellies
  5 centaur skeletons
  2 bullfrog zombies
  29 orc priests
  23 orc wizards
  Jessica (D:2)
  Terence (D:2)
  Natasha (twice) (D:2)
  A troll simulacrum (IceCv)
  A polar bear simulacrum (IceCv)
  6 hell rats (Lair:6)
  7 iguanas
  12 worker ants
  A killer bee zombie (D:9)
  2 wolf simulacra (IceCv)
  A hound skeleton (D:10)
  A worker ant zombie (D:5)
  6 gnolls
  14 adders
  3 naga simulacra (IceCv)
  2 ogre simulacra (IceCv)
  4 shadow imps
  6 white imps (IceCv)
  4 oozes
  7 ufetubi (IceCv)
  4 adder skeletons
  2 adder zombies
  6 worms
  2 dart slugs (D:1)
  6 leopard geckos
  85 orcs
  4 ball pythons
  7 bats
  6 giant cockroaches
  5 goblins
  8 hobgoblins
  3 quokkas
  2 ball python skeletons (D:4)
  5 frilled lizards
  18 kobolds
  A leopard gecko skeleton (D:9)
  A leopard gecko zombie (D:5)
  3 quokka zombies
  10 rats
  3 fungi (Lair:5)
  2 plants
1156 creatures vanquished.

Vanquished Creatures (collateral kills)
  3 yaks (D:13)
3 creatures vanquished.

Vanquished Creatures (others)
  A spiny frog (Swamp:2)
  2 jumping spiders
  A tyrant leech (Swamp:2)
  A bog body (Swamp:2)
  2 insubstantial wisps (Swamp:2)
  3 white imps (IceCv)
  3 ufetubi (IceCv)
  3 orcs
  2 fungi
  13 plants
31 creatures vanquished.

Grand Total: 1190 creatures vanquished

Notes
Turn   | Place    | Note
-------+----------+-------------------------------------------
     0 | D:1      | ReteAZ the Gargoyle Fighter began the quest for the Orb.
     0 | D:1      | Reached XP level 1. HP: 14/14 MP: 1/1
    55 | D:1      | Reached skill level 2 in Axes
    62 | D:1      | Reached XP level 2. HP: 14/19 MP: 2/2
   300 | D:1      | Reached XP level 3. HP: 20/23 MP: 3/3
   851 | D:2      | Noticed Jessica
   860 | D:2      | Killed Jessica
   860 | D:2      | Reached XP level 4. HP: 20/29 MP: 4/4
   956 | D:2      | Found a bloodstained altar of Trog.
  1066 | D:2      | Reached skill level 3 in Axes
  1083 | D:2      | Noticed Terence
  1091 | D:2      | Killed Terence
  1103 | D:2      | Reached XP level 5. HP: 24/33 MP: 5/5
  1469 | D:2      | Noticed Natasha
  1472 | D:2      | Killed Natasha
  1655 | D:2      | Noticed Natasha
  1662 | D:2      | Killed Natasha
  1662 | D:2      | Reached XP level 6. HP: 38/38 MP: 6/6
  1670 | D:2      | Found a burning altar of Makhleb.
  1931 | D:3      | Reached skill level 4 in Axes
  2417 | D:4      | Reached XP level 7. HP: 23/44 MP: 7/7
  2484 | D:4      | Found a blossoming altar of Fedhas.
  2630 | D:4      | Got a slimy golden ring
  2632 | D:4      | Identified the ring "Elinigoi" {*Tele Str+4} (You found it
                  | on level 4 of the Dungeon)
  2747 | D:4      | Reached skill level 5 in Armour
  2777 | D:5      | Entered Level 5 of the Dungeon
  2906 | D:5      | Reached skill level 5 in Fighting
  2935 | D:5      | Found a staircase to the Ecumenical Temple.
  2944 | Temple   | Entered the Ecumenical Temple
  2987 | Temple   | Became a worshipper of Warmaster Okawaru
  3019 | D:5      | Reached skill level 5 in Shields
  3021 | D:5      | Reached skill level 5 in Axes
  3085 | D:5      | Reached XP level 8. HP: 20/49 MP: 8/8
  3692 | D:6      | Noticed Dowan
  3693 | D:6      | Noticed Duvessa
  3710 | D:6      | Killed Duvessa
  3724 | D:6      | Reached * piety under Okawaru
  3730 | D:6      | Killed Dowan
  3768 | D:6      | Reached skill level 6 in Axes
  3945 | D:6      | Reached ** piety under Okawaru
  3966 | D:6      | Reached XP level 9. HP: 41/56 MP: 9/9
  4191 | D:6      | Found a stormy altar of Qazlal.
  4202 | D:6      | Got a polished leather armour
  4213 | D:6      | Identified the cursed +1 leather armour of Rocuro {rC+
                  | Str+4} (You found it on level 6 of the Dungeon)
  4574 | D:7      | Noticed a troll
  4577 | D:7      | Reached skill level 7 in Axes
  4590 | D:7      | Killed a troll
  5057 | D:7      | Reached *** piety under Okawaru
  5513 | D:8      | Reached skill level 8 in Axes
  5776 | D:8      | Reached XP level 10. HP: 14/63 MP: 10/10
  6642 | D:9      | Reached **** piety under Okawaru
  7082 | D:9      | Noticed Gastronok
  7106 | D:10     | Entered Level 10 of the Dungeon
  7415 | D:10     | Noticed a brown ugly thing
  7435 | D:10     | Killed a brown ugly thing
  7435 | D:10     | Reached skill level 9 in Axes
  7688 | D:10     | Found a staircase to the Lair.
  8242 | D:11     | Noticed a cyan ugly thing
  8242 | D:11     | Noticed a cyclops
  8257 | D:11     | Killed a cyan ugly thing
  8257 | D:11     | Reached ***** piety under Okawaru
  8260 | D:11     | Killed a cyclops
  8348 | D:11     | Noticed a green ugly thing
  8348 | D:11     | Noticed an eight-headed hydra
  8373 | D:11     | Killed a green ugly thing
  8373 | D:11     | Reached XP level 11. HP: 44/69 MP: 11/11
  8571 | Lair:1   | Entered Level 1 of the Lair of Beasts
  8615 | Lair:1   | Received a gift from Okawaru
  8749 | Lair:1   | Reached skill level 10 in Axes
  9488 | Lair:2   | Noticed an oklob plant
  9526 | Lair:2   | Noticed an eight-headed hydra
  9597 | Lair:2   | Noticed Harold
  9608 | Lair:2   | Killed Harold
  9611 | Lair:2   | Noticed Fannar
  9693 | Lair:2   | Noticed an oklob plant
  9693 | Lair:2   | Noticed an oklob plant
  9693 | Lair:2   | Noticed an oklob plant
  9718 | Lair:2   | Reached skill level 11 in Axes
 10078 | Lair:2   | Noticed Erica
 10095 | Lair:2   | Killed Erica
 10135 | Lair:2   | Reached skill level 1 in Invocations
 10158 | Lair:2   | Reached ****** piety under Okawaru
 10158 | Lair:2   | Reached skill level 12 in Axes
 10191 | Lair:2   | Noticed a five-headed hydra
 10262 | Lair:2   | Reached XP level 12. HP: 75/76 MP: 14/14
 10288 | Lair:2   | Killed a 19-headed hydra
 10292 | Lair:2   | Received a gift from Okawaru
 10422 | Lair:2   | Noticed a four-headed hydra
 10442 | Lair:3   | Noticed a four-headed hydra
 10472 | Lair:3   | HP: 1/76 [19-headed hydra (4)]
 10836 | Lair:2   | Killed Fannar
 10960 | D:11     | Noticed a seven-headed hydra
 11096 | D:11     | Reached skill level 5 in Invocations
 11148 | D:11     | Reached skill level 13 in Axes
 11594 | D:11     | Identified the +2 scale mail of the Ward {rPois rC- rN+
                  | rCorr}
 11595 | D:11     | Found Kimoc's Armour Boutique.
 11595 | D:11     | Found a staircase to the Orcish Mines.
 11613 | D:11     | Killed a 20-headed hydra
 11666 | Orc:1    | Entered Level 1 of the Orcish Mines
 12073 | D:11     | Noticed a two-headed ogre
 12079 | D:11     | Killed a two-headed ogre
 12493 | D:12     | Noticed a soul eater
 12508 | D:12     | Received a gift from Okawaru
 12727 | D:12     | Got a polished ring mail
 12738 | D:12     | Identified the +3 ring mail of Tosmuami {rC++ rCorr Int+3}
                  | (You found it on level 12 of the Dungeon)
 12834 | D:12     | Reached skill level 14 in Axes
 13088 | D:12     | Reached XP level 13. HP: 77/80 MP: 17/17
 14337 | Lair:3   | Found a hole to the Spider Nest.
 14358 | Lair:3   | Reached skill level 15 in Axes
 14423 | Lair:3   | Found a runed translucent door.
 14423 | Lair:3   | Noticed Fuavont's ghost (journeyman GrEE)
 14504 | Lair:3   | Noticed a fire dragon
 14535 | Lair:3   | Killed a fire dragon
 14639 | Lair:3   | Found a staircase to the Swamp.
 14666 | Lair:3   | Received a gift from Okawaru
 15809 | Lair:4   | Reached skill level 16 in Axes
 15845 | Lair:4   | Found a runed translucent gate.
 15845 | Lair:4   | Found a runed translucent gate.
 15856 | Lair:4   | Found a runed translucent gate.
 16363 | Lair:4   | Noticed Peloso's ghost (journeyman MiFi)
 16551 | Lair:4   | Noticed a death ooze
 16552 | Lair:4   | Found a viscous altar of Jiyva.
 16599 | Lair:5   | Gained mutation: Your large and strong wings let you fly
                  | indefinitely. [Gargoyle growth]
 16599 | Lair:5   | Reached XP level 14. HP: 58/86 MP: 18/18
 16689 | Lair:5   | Noticed Josephine
 16705 | Lair:5   | Received a gift from Okawaru
 16710 | Lair:5   | Killed Josephine
 16732 | Lair:5   | Reached skill level 17 in Axes
 17307 | Lair:5   | Found a runed translucent door.
 17311 | Lair:5   | Noticed an acid blob
 17317 | Lair:5   | Found a viscous altar of Jiyva.
 17325 | Lair:5   | Found a staircase to the Slime Pits.
 17575 | Lair:5   | Found a runed translucent door.
 17579 | Lair:5   | Noticed Panli's ghost (journeyman CeAM)
 18067 | Lair:6   | Entered Level 6 of the Lair of Beasts
 18398 | Lair:6   | Reached skill level 18 in Axes
 18989 | Lair:6   | Received a gift from Okawaru
 18992 | Lair:6   | Got a twisted scale mail {god gift}
 19003 | Lair:6   | Identified the +5 scale mail of Untruth {rElec rF+ MR+
                  | Regen+} (Okawaru gifted it to you on level 6 of the Lair of
                  | Beasts)
 19342 | Lair:6   | Reached XP level 15. HP: 63/90 MP: 14/19
 19459 | Lair:6   | Reached skill level 19 in Axes
 20382 | D:13     | Noticed Jorgrun
 20403 | D:13     | HP: 3/90 [Jorgrun/uncursed staff of earth (5)]
 20419 | D:13     | Killed Jorgrun
 20595 | D:13     | Found a glowing golden altar of the Shining One.
 21298 | Spider:1 | Entered Level 1 of the Spider Nest
 21397 | Spider:1 | Received a gift from Okawaru
 21600 | Spider:1 | Noticed Azrael
 21633 | Spider:1 | Killed Azrael
 21703 | Spider:1 | Identified Roxanne's Almanac of Transmigration
 21703 | Spider:1 | Noticed Roxanne
 21767 | Spider:1 | Reached skill level 20 in Axes
 22027 | Spider:2 | Received a gift from Okawaru
 22237 | Spider:2 | Received a gift from Okawaru
 22287 | Spider:2 | Found the +18 shield of the Gong {rElec rN+ MR+ EV-5}
 22296 | Spider:2 | Found a roughly hewn altar of Beogh.
 22393 | Spider:2 | Reached XP level 16. HP: 95/97 MP: 18/20
 22405 | Spider:2 | Received a gift from Okawaru
 22425 | Spider:2 | Reached skill level 10 in Shields
 22431 | Spider:2 | Reached skill level 10 in Fighting
 22431 | Spider:2 | Reached skill level 10 in Armour
 23330 | Spider:4 | Entered Level 4 of the Spider Nest
 23385 | Spider:4 | Received a gift from Okawaru
 23789 | Spider:4 | Noticed Arachne
 23811 | Spider:3 | Reached XP level 17. HP: 97/102 MP: 21/21
 23812 | Spider:3 | Reached skill level 15 in Shields
 23812 | Spider:3 | Reached XP level 18. HP: 102/107 MP: 22/22
 24469 | Spider:4 | Noticed Louise
 24501 | Spider:3 | Killed Louise
 24501 | Spider:3 | Received a gift from Okawaru
 24592 | Spider:4 | Killed Arachne
 25173 | Spider:4 | Reached XP level 19. HP: 102/116 MP: 0/23
 25480 | Spider:4 | Got a gossamer rune of Zot
 26511 | Orc:2    | Entered Level 2 of the Orcish Mines
 26578 | Orc:2    | Found a staircase to the Elven Halls.
 26624 | Orc:2    | Noticed Maurice
 26652 | Orc:2    | Killed Maurice
 27601 | Orc:2    | Found Bocuitha's Food Emporium.
 27604 | Orc:2    | Found Wusoc's Food Shoppe.
 27605 | Orc:2    | Found Larul's Distillery.
 27606 | Orc:2    | Found Ehumiedgh's General Store.
 27617 | Orc:2    | Bought a potion of heal wounds for 55 gold pieces
 27617 | Orc:2    | Bought a potion of haste for 110 gold pieces
 27617 | Orc:2    | Bought a potion of curing for 33 gold pieces
 27617 | Orc:2    | Bought 2 potions of curing for 66 gold pieces
 27617 | Orc:2    | Bought a potion of heal wounds for 55 gold pieces
 27617 | Orc:2    | Bought a potion of curing for 33 gold pieces
 27617 | Orc:2    | Bought a potion of might for 44 gold pieces
 27617 | Orc:2    | Bought a potion of ambrosia for 88 gold pieces
 27620 | Orc:2    | Bought a scroll of fog for 30 gold pieces
 27620 | Orc:2    | Bought a potion of curing for 45 gold pieces
 27620 | Orc:2    | Bought a scroll of teleportation for 45 gold pieces
 27622 | Orc:2    | Bought a +1 helmet of see invisible for 247 gold pieces
 27622 | Orc:2    | Bought a manual of Armour for 1656 gold pieces
 27731 | Elf:1    | Entered Level 1 of the Elven Halls
 28408 | D:14     | Received a gift from Okawaru
 28992 | D:14     | Found a gate to the Vaults.
 29077 | D:15     | Entered Level 15 of the Dungeon
 29553 | D:15     | Found a staircase to the Depths.
 29743 | D:15     | Reached skill level 15 in Armour
 30471 | Swamp:1  | Entered Level 1 of the Swamp
 30557 | Swamp:1  | Received a gift from Okawaru
 30654 | Swamp:1  | Found a transporter.
 30907 | Swamp:1  | Noticed Aizul
 30913 | Swamp:1  | Found a transporter.
 30929 | Swamp:1  | Killed Aizul
 31718 | Swamp:2  | Reached XP level 20. HP: 127/127 MP: 24/24
 32605 | Swamp:2  | Received a gift from Okawaru
 32764 | Swamp:3  | Noticed Mara
 32770 | Swamp:3  | Noticed ReteAZ's illusion
 32783 | Swamp:3  | Killed Mara
 32887 | Swamp:3  | Found a frozen archway.
 32909 | IceCv    | Entered an ice cave
 33403 | IceCv    | Received a gift from Okawaru
 33419 | IceCv    | Got an iridescent fustibalus {god gift}
 34366 | Swamp:4  | Entered Level 4 of the Swamp
 34439 | Swamp:3  | Slain by a 12-headed hydra

Levels and vault maps discovered:
D:1:      dpeg_arrival_tiny_e, layout_basic, minmay_split_cup_large
D:2:      layout_basic, overflow_temple_1_default, minmay_misc_feat_five,
          columned_hall_lemuel, makhleb_blood_cavern_becter, uniq_natasha,
          uniq_terence, uniq_jessica
D:3:      layout_loops_ring
D:4:      layout_basic, serial_glass, glass_columns_a, glass_columns_c,
          glass_columns_b, glass_columns_a, glass_columns_a, glass_columns_a,
          glass_columns_a, glass_columns_b, first_ration,
          fedhas_altar_fruit_tree
D:5:      layout_basic, minmay_temple_entry_sparse_star
D:6:      layout_basic, nicolae_qazlal_general_emergency, uniq_duvessa
D:7:      layout_cave_pools, the_bakery, grunt_ministairs_2,
          minmay_misc_feat_rows, st_stairs_5
D:8:      layout_loops_corners
D:9:      layout_loops_cross, serial_undead, serial_undead_b, serial_undead_b,
          serial_undead_e, serial_undead_a, uniq_gastronok
D:10:     layout_basic, grunt_lair_entry_orc_guard_hut, minivault_4
D:11:     layout_roguey, orc_david_3, hex_intersection
D:12:     layout_loops_corners
D:13:     minmay_connected_triangles_in_corner, layout_stronghold, minivault_27,
          tso_altar, uniq_jorgrun
D:14:     layout_roguey, david_vaults_5, minmay_misc_feat_tiny
D:15:     grunt_enter_depths_snipers, layout_basic, nicolae_two_hexagons
Temple:   compressed_dpeg_circular_temple
Lair:1:   layout_cave_pods
Lair:2:   layout_gridlike, roderic_carrion_pond, minmay_lair_oklob_chamber,
          uniq_fannar, uniq_erica, uniq_harold
Lair:3:   dragon1_lemuel, layout_chaotic_city, minmay_swamp_entry_wisps,
          spider_nest_entry_rubble, ebering_ghost_reflecting_pool, serial_bayou,
          serial_bayou_pond_c, serial_bayou_lake_a, serial_bayou_pond_a,
          serial_bayou_pond_e, serial_bayou_shore_a
Lair:4:   layout_misc_corridors, gammafunk_ghost_ooze,
          chequers_serial_rivers_room_b
Lair:5:   beast_lair_carwin_large_4, layout_regular_city, slime_altar_2,
          ebering_ghost_inner_flame, infiniplex_staircase_pool_2, uniq_josephine
Lair:6:   evilmike_catoblepas_cave, layout_long_grid, infiniplex_staircase_pool
Swamp:1:  gammafunk_its_a_trap, layout_basic_swamp, evilmike_swamp_ruin_house_6,
          swamp_pool1, statue_in_the_mist_lemuel, uniq_aizul
Swamp:2:  layout_basic_swamp, nicolae_swamp_orc_logging_accident
Swamp:3:  layout_falls_marsh, portal_ice_cave_entry_dragon,
          evilmike_swamp_ruin_house_1, uniq_mara
Swamp:4:  swamp_old_school, layout_basic_swamp
Spider:1: layout_spider_delve, uniq_azrael, uniq_roxanne
Spider:2: nicolae_spider_mines_2
Spider:3: layout_spider_delve, drop_trap, worms_lemuel
Spider:4: grunt_spider_rune_circles, nicolae_orb_island, uniq_louise,
          uniq_arachne
Orc:1:    minmay_goldmine, layout_caves
Orc:2:    st_orc_pillars, layout_caves, uniq_maurice
Elf:1:    eino_elf_arrival_the_gate, layout_geoelf_octagon, serial_shops,
          shop_statue, hangedman_elf_represent

Skill      XL: |  1  2  3  4  5  6  7  8  9 10 11 12 13 14 15 16 17 18 19 20 |
---------------+-------------------------------------------------------------+-----
Axes           | 2 3 4 5 6 8 9 12 14 16 18 20 | 20.0
Armour         | 4 5 6 7 8 9 10 11 17 19 | 19.2
Fighting       | 4 5 6 7 8 9 10 11 14 | 14.2
Shields        | 4 5 6 7 8 9 14 15 | 15.0
Invocations    | 2 6 |  6.3

Action                   |  1- 3 |  4- 6 |  7- 9 | 10-12 | 13-15 | 16-18 | 19-21 || total
-------------------------+-------+-------+-------+-------+-------+-------+-------++-------
Melee: War axe           |    77 |    63 |       |       |       |       |       ||   140
       Hand axe          |       |   108 |   355 |   689 |       |       |       ||  1152
       Battleaxe         |       |       |       |    80 |   997 |       |       ||  1077
       Broad axe         |       |       |       |       |   205 |   477 |  1342 ||  2024
Throw: Throwing net      |       |       |       |       |     1 |     4 |       ||     5
       Javelin           |       |       |       |       |       |     7 |     8 ||    15
Invok: Heroism           |       |       |       |     5 |     7 |     2 |     2 ||    16
       Finesse           |       |       |       |     2 |     5 |     4 |     6 ||    17
 Abil: Fly               |       |       |       |       |     1 |       |       ||     1
Evoke: Wand              |       |       |       |    12 |     6 |       |    13 ||    31
  Use: Scroll            |       |       |     9 |    15 |     9 |     3 |     3 ||    39
       Potion            |       |       |       |     7 |     8 |     5 |       ||    20
 Stab: Paralysed         |       |       |       |    13 |       |       |       ||    13
       Invisible         |       |       |       |       |     1 |       |       ||     1
       Held in net/web   |       |       |       |       |     1 |       |       ||     1
       Petrified         |       |       |       |       |     9 |       |       ||     9
       Confused          |       |       |       |       |       |       |     1 ||     1
  Eat: Chunk             |       |     5 |    11 |    24 |    18 |     2 |    23 ||    83
       Ration            |       |       |       |       |     4 |     2 |     2 ||     8
Armor: Scale mail        |    38 |    75 |    66 |       |   352 |       |       ||   531
       Leather armour    |       |       |    53 |    31 |       |       |       ||    84
       Plate armour      |       |       |       |   354 |    51 |       |       ||   405
       Crystal plate arm |       |       |       |       |   580 |   256 |   354 ||  1190
       Ring mail         |       |       |       |       |       |       |    30 ||    30
Dodge: Dodged            |    26 |    52 |   110 |   160 |   306 |    13 |    30 ||   697
Block: Shield            |    28 |    91 |   151 |   271 |   195 |   822 |  1405 ||  2963
       Reflection        |       |       |       |       |       |     3 |    50 ||    53
